 Dungeon Crawl Stone Soup version 0.26-a0-257-g47e9e61525 (webtiles) character file.

Game seed: 13981585473595166121

35 Infinimo the Magician (level 3, -3/24 HPs)
             Began as a Mummy Earth Elementalist on July 10, 2020.
             Shot with an arrow by a centaur (7 damage)
             ... on level 2 of the Dungeon.
             The game lasted 00:01:29 (1133 turns).

Infinimo the Magician (Mummy Earth Elementalist)    Turns: 1133, Time: 00:01:30

Health: -3/24      AC:  2    Str: 11    XL:     3   Next: 17%
Magic:  2/7        EV: 12    Int: 15    God:
Gold:   53         SH:  0    Dex: 12    Spells: 7/8 levels left

rFire    x . .     SeeInvis .   g - +0 dagger
rCold    + . .     Faith    .   (no shield)
rNeg     + + +     Spirit   .   c - +0 robe
rPois    ∞         Reflect  .   (no helmet)
rElec    .         Harm     .   (no cloak)
rCorr    .                      (no gloves)
MR       .....                  (no boots)
Stlth    ++........             (no amulet)
HPRegen  0.08/turn              (no ring)
MPRegen  0.10/turn              (no ring)

@: no status effects
A: no food or potions, fire vulnerability, cold resistance 1, negative energy
resistance 3, torment resistance, unbreathing
a: no special abilities


You were on level 2 of the Dungeon.
You were not hungry.

You visited 1 branch of the dungeon, and saw 2 of its levels.

You collected 53 gold pieces.

Inventory:

Hand Weapons
 g - a +0 dagger (weapon)
Missiles
 b - 91 stones (quivered)
Armour
 c - a +0 robe (worn)
Scrolls
 f - 2 scrolls of identify


   Skills:
 - Level 1.5 Dodging
 - Level 1.5 Stealth
 + Level 3.4 Spellcasting
   Level 0.7 Transmutations
 * Level 3.2 Earth Magic


You had 7 spell levels left.
You knew the following spells:

 Your Spells              Type           Power        Failure   Level
a - Sandblast             Erth           ##....       4%          1

Your spell library contained the following spells:

 Spells                   Type           Power        Failure   Level
 Passwall                 Tmut/Erth      #.......     13%         2
 Stone Arrow              Conj/Erth      #.....       30%         3
 Petrify                  Tmut/Erth      #.......     63%         4
 Lee's Rapid Deconstruct  Erth           ##........   80%         5


Dungeon Overview and Level Annotations

Branches:
Dungeon (2/15)

Altars:


Innate Abilities, Weirdness & Mutations

You do not eat or drink.
Your flesh is vulnerable to fire.
You are immune to poison.
Your flesh is cold resistant. (rC+)
You are immune to negative energy. (rN+++)
You are immune to unholy pain and torment.
You can survive without breathing.


Message History

The centaur wields a cursed -3 shortbow.
The centaur shoots an arrow.
The centaur shoots an arrow.
You see here a dart slug corpse.
The centaur shoots an arrow.
The arrow hits you.
The centaur shoots an arrow.
The arrow hits you!
* * * LOW HITPOINT WARNING * * *
Things that are here:
2 arrows; a jackal corpse You are too injured to fight recklessly!
Okay, then.
The centaur shoots an arrow.
You see here a dart slug corpse.
The centaur shoots an arrow.
You see here 4 arrows.
The centaur shoots an arrow.
The arrow hits you.
* * * LOW HITPOINT WARNING * * *
You see here an arrow.
The centaur shoots an arrow.
The arrow hits you!
You die...

........+.(# ...#..#.#....
##.#....##†###...# .....#.#
.........(.......#. #.....#
#.#....##.......#.##.....#
#.#...c##.......#.##.....#
#..................#.....#
...............>##..#...).#
.........(#####.#...#......
....#.....@.........#.###[#
...>#......................
... #......................
........####..#...#.#####.#
..#.#. #..#...#.# ....
###.#.####......#.# #.##.
......!...#.###.# #.#.. #
.#.#.....#........ ..
#.##..#.###.### ###


You could see a centaur.

Vanquished Creatures
  An adder (D:2)
  2 dart slugs
  A giant cockroach (D:1)
  2 hobgoblins (D:1)
  4 jackals (D:2)
  5 frilled lizards
  3 goblins
  A kobold (D:2)
  4 rats
23 creatures vanquished.

Notes
Turn   | Place    | Note
-------+----------+-------------------------------------------
     0 | D:1      | Infinimo the Mummy Earth Elementalist began the quest for
                  | the Orb.
     0 | D:1      | Reached XP level 1. HP: 13/13 MP: 4/4
   487 | D:1      | Reached XP level 2. HP: 13/19 MP: 6/6
  1110 | D:2      | Reached XP level 3. HP: 23/24 MP: 3/7
  1121 | D:2      | Noticed a centaur
  1133 | D:2      | Shot with an arrow by a centaur

Illustrated notes

Levels and vault maps discovered:
D:1:      dpeg_arrival_renting, layout_rooms
D:2:      layout_basic, nemelex_xobeh_ov_fountains_minmay, fedhas_altar_4

Skill      XL: |  1  2 |
---------------+-------+-----
Spellcasting   | 3 |  3.4
Earth Magic    | 3 |  3.2
Dodging        | |  1.5
Stealth        | |  1.5
Transmutations | |  0.7

Action                   || total
-------------------------++-------
Melee: Unarmed           ||    33
       Club              ||    13
       Dagger            ||     8
 Cast: Sandblast         ||    14
  Use: Scroll            ||     3
Armor: Robe              ||     8
Dodge: Dodged            ||    31

Table legend:
 A = Non-vault XP
 B = Vault XP
 C = Vault XP percentage of total XP
 D = Non-vault monster count
 E = Vault monster count
 F = Vault count percentage of total count
                 A         B        C        D         E       F
            +---------+---------+-------+---------+---------+-------
      Total |      51 |       0 |   0.0 |      23 |       0 |   0.0
            +---------+---------+-------+---------+---------+-------
        D:1 |      20 |       0 |   0.0 |      13 |       0 |   0.0
        D:2 |      31 |       0 |   0.0 |      10 |       0 |   0.0
            +---------+---------+-------+---------+---------+-------
